 Dungeon Crawl Stone Soup version 0.29.1-14-g9c671dbff4 (webtiles) character file.

Game seed: 4059369635967818819

30342 Smoke131 the Grappler (level 13, -3/184 (198) HPs)
             Began as a Troll Berserker on Feb 20, 2023.
             Was an Elder of Trog.
             Engulfed by a ghost crab's spectral mist (4 damage)
             ... on level 3 of the Lair of Beasts.
             The game lasted 00:38:59 (13396 turns).

Smoke131 the Grappler (Troll Berserker)            Turns: 13396, Time: 00:39:00

HP:   -3/184 (198)  AC: 11    Str: 30    XL:     13   Next: 20%
MP:   12/12         EV: 12    Int:  5    God:    Trog [****..]
Gold: 888           SH:  0    Dex:  9    Spells: 12/12 levels left

rFire   + . .      SeeInvis .     - Unarmed
rCold   . . .      Faith    .   (no shield)
rNeg    . . .      Spirit   .   D - +3 steam dragon scales
rPois   .          Reflect  .   (helmet restricted)
rElec   .          Harm     .   B - +2 cloak
rCorr   .          Rampage  .   (gloves unavailable)
Will    .....                   (boots unavailable)
Stlth   ..........              (no amulet)
HPRegen 1.20/turn               L - ring of protection from fire
MPRegen 0.13/turn               J - +4 ring of protection

@: berserking, corroded, drained, very quick
A: large, unfitting armour, claws 3, regeneration 1, shaggy fur 1, tough skin 1
a: Renounce Religion, Berserk, Trog's Hand, Brothers in Arms


You were on level 3 of the Lair of Beasts.
You worshipped Trog.
Trog was greatly pleased with you.
You visited 2 branches of the dungeon, and saw 13 of its levels.
You also visited: Ossuary.

You collected 888 gold pieces.

Inventory:

Hand Weapons
 i - a +1 club
 t - the +4 quarterstaff of Kunupt {holy, rC++ rN++ MP-9}
   (You found it on level 4 of the Dungeon)

   It has been blessed by the Shining One to cause great damage to the undead
   and demons.
   rC:        It greatly protects you from cold.
   rN:        It greatly protects you from negative energy.
   MP:        It affects your magic capacity (-9).
Missiles
 a - 2 curare-tipped darts
 s - 28 poisoned darts
 v - 3 datura-tipped darts
 w - 10 boomerangs (quivered)
 I - 3 atropa-tipped darts
 M - 6 large rocks
Armour
 B - a +2 cloak (worn)
 D - +3 steam dragon scales (worn)
 K - a scarf of resistance
Jewellery
 b - a ring of ice
 k - the ring "Ehinappe" {rPois rF- AC+4 Dex+5}
   (You found it on level 7 of the Dungeon)

   [ring of protection]

   AC:        It affects your AC (+4).
   Dex:       It affects your dexterity (+5).
   rF:        It makes you vulnerable to fire.
   rPois:     It protects you from poison.
 q - a ring of flight
 u - a ring of fire
 F - a ring of willpower
 J - a +4 ring of protection (right claw)
 L - a ring of protection from fire (left claw)
Wands
 c - a wand of charming (6)
 j - a wand of iceblast (18)
 o - a wand of digging (2)
 C - a wand of mindburst (21)
 H - a wand of flame (14)
Scrolls
 d - 7 scrolls of identify
 l - 2 scrolls of butterflies
 n - 8 scrolls of teleportation
 r - 2 scrolls of enchant weapon
 y - 2 scrolls of blinking
 E - a scroll of silence
 N - a scroll of magic mapping {unknown}
Potions
 e - 2 potions of flight
 f - 8 potions of heal wounds
 g - 6 potions of might
 h - 3 potions of lignification
 m - 2 potions of berserk rage
 p - 4 potions of haste
 x - 6 potions of curing
 z - 3 potions of ambrosia
 A - a potion of brilliance
 G - 2 potions of mutation


   Skills:
 + Level 9.7 Fighting
 + Level 9.5 Throwing
 + Level 8.6 Armour
 + Level 9.7 Dodging
 - Level 10.0 Unarmed Combat


You had 12 spell levels left.
You didn't know any spells.
Your spell library was empty.

Dungeon Overview and Level Annotations

Branches:
Dungeon (10/15)            Temple (0/1) D:6            Lair (3/5) D:8
 Shoals (0/4) Lair:3       Spider (0/4) Lair:3          Orc (0/2) D:10
Ossuary (visited)

Altars:
Cheibriados
Dithmenos
Fedhas
Gozag
Hepliaklqana
Makhleb
Nemelex Xobeh
Okawaru
Trog
Uskayaw
Vehumet
Wu Jian

Shops:
D:5 :


Innate Abilities, Weirdness & Mutations

You are too large for most types of armour.
You have claws for hands.
Your natural rate of healing is unusually fast.
You are covered in fur. (AC +1)
You have tough skin. (AC +1)


Message History

* * * LOW HITPOINT WARNING * * *
You claw the spectral six-headed hydra!
The spectral six-headed hydra is almost destroyed.
You are engulfed in spectral mist.
* * * LOW HITPOINT WARNING * * *
The spectral cane toad barely misses you.
You scratch the spectral six-headed hydra.
The spectral six-headed hydra is almost destroyed.
You are engulfed in spectral mist.
* * * LOW HITPOINT WARNING * * *
The spectral six-headed hydra bites you.
* * * LOW HITPOINT WARNING * * *
The spectral six-headed hydra bites you but does no damage.
The spectral six-headed hydra bites you.
* * * LOW HITPOINT WARNING * * *
You feel drained.
The spectral six-headed hydra bites you.
* * * LOW HITPOINT WARNING * * *
You feel drained.
* * * LOW HITPOINT WARNING * * *
The spectral six-headed hydra misses you.
The spectral six-headed hydra bites you.
* * * LOW HITPOINT WARNING * * *
The spectral cane toad closely misses you.
Okay, then.
You mangle the spectral six-headed hydra!!
You destroy the spectral six-headed hydra!
The spectral six-headed hydra fades away!
You are engulfed in spectral mist.
* * * LOW HITPOINT WARNING * * *
You mangle the spectral cane toad!!
The spectral cane toad is severely damaged.
You are engulfed in spectral mist.
* * * LOW HITPOINT WARNING * * *
The spectral cane toad hits you!
* * * LOW HITPOINT WARNING * * *
You feel drained.
* * * LOW HITPOINT WARNING * * *
You completely miss the ghost crab.
You are engulfed in spectral mist.
You die...

.##......#...##....##
.......###P..##....P#
.........#...P.....##
....................##
...........÷.......P.##
..#..(...........#.°..###
.##.....#.##....#####...#
.###...###############†##
.# #...##°Z..÷ZZ@t○☼§#.#
.# #....#÷##########Z#.#
.# #...##.# #.#
.###...##.# #.#
........#.# #.#
........#.# #.#
........#†# #.#
........#†############÷#
........#..÷......÷....#


You could see a ghost crab, 2 spectral black mambas, a spectral cane toad
(summoned) and a spectral alligator snapping turtle (summoned).

Vanquished Creatures
  2 entropy weavers (Lair:3)
  The ghost of Itocwophi the Bludgeoner, a journeyman HuFi of Uskayaw (Lair:3)
  2 catoblepae
  A two-headed ogre (D:8)
  Sonja (D:10)
  4 fire crabs (Lair:3)
  2 black mambas
  Maggie (D:10)
  A torpor snail (Lair:2)
  8 cane toads
  A kobold demonologist (D:9)
  3 komodo dragons
  2 rime drakes (Lair:2)
  2 merfolk (Lair:3)
  8 blink frogs
  2 hornets
  7 dream sheep
  Sigmund (D:2)
  Eustachio (D:6)
  A shadow (D:6)
  5 wyverns
  25 yaks
  A human (D:7)
  3 hogs (D:7)
  A basilisk (Lair:2)
  3 steam dragons
  8 water moccasins
  3 black bears
  2 orc warriors
  2 ogres
  2 ice beasts
  17 wolves
  3 centaurs
  3 kobold brigands
  A phantom (D:6)
  2 gnoll sergeants
  10 bullfrogs
  5 necrophages
  A scorpion (D:7)
  13 wights
  5 killer bees (D:8)
  A howler monkey (D:10)
  4 centaur zombies (Ossuary)
  3 hounds
  A jelly (D:5)
  Crazy Yiuf (D:2)
  3 orc priests
  Jessica (D:2)
  2 gnoll boudas
  2 iguanas (D:4)
  Natasha (thrice) (D:2)
  A hell rat (Lair:3)
  2 orc wizards
  7 mummies
  23 gnolls
  8 adders
  A shadow imp (D:8)
  A white imp (D:8)
  An ufetubus (D:4)
  4 worms
  4 dart slugs
  18 orcs
  5 bats
  3 endoplasms
  5 giant cockroaches
  4 goblins
  5 hobgoblins
  7 jackals
  19 kobolds
  8 quokkas
  7 ball pythons
  9 frilled lizards
  8 hobgoblin zombies
  A kobold zombie (D:4)
  An orc zombie (D:4)
  12 rats
  A butterfly (Lair:2)
352 creatures vanquished.

Vanquished Creatures (others)
  An entropy weaver (Lair:3)
  11 fungi
  8 plants
20 creatures vanquished.

Grand Total: 372 creatures vanquished

Notes
Turn   | Place    | Note
-------+----------+-------------------------------------------
     0 | D:1      | Smoke131 the Troll Berserker began the quest for the Orb.
     0 | D:1      | Reached XP level 1. HP: 22/22 MP: 0/0
   237 | D:1      | Reached XP level 2. HP: 29/29 MP: 1/1
   734 | D:1      | Found a faded altar of an unknown god.
   911 | D:1      | Reached XP level 3. HP: 36/36 MP: 2/2
   983 | D:2      | Reached ** piety under Trog
  1157 | D:2      | Noticed Sigmund
  1168 | D:2      | Killed Sigmund
  1169 | D:2      | Reached skill level 4 in Unarmed Combat
  1169 | D:2      | Reached XP level 4. HP: 45/45 MP: 3/3
  1169 | D:2      | Reached XP level 5. HP: 53/53 MP: 4/4
  1186 | D:2      | Found a radiant altar of Vehumet.
  1192 | D:2      | You fall into a shaft and drop 1 floor!
  1259 | D:2      | Found a runed translucent door.
  1260 | D:2      | Noticed Crazy Yiuf
  1324 | D:2      | Killed Crazy Yiuf
  1431 | D:2      | Noticed Natasha
  1436 | D:2      | Killed Natasha
  1437 | D:2      | Reached XP level 6. HP: 60/62 MP: 5/5
  1500 | D:2      | Noticed Natasha
  1512 | D:2      | Killed Natasha
  1583 | D:2      | Noticed Jessica
  1591 | D:2      | Killed Jessica
  1711 | D:2      | Noticed Natasha
  1722 | D:2      | Killed Natasha
  1787 | D:3      | Reached skill level 5 in Unarmed Combat
  1940 | D:3      | Reached *** piety under Trog
  2158 | D:4      | Reached XP level 7. HP: 63/70 MP: 6/6
  2198 | D:4      | Reached skill level 1 in Throwing
  2511 | D:4      | Found a sand-covered staircase.
  2519 | Ossuary  | Entered an ossuary
  2532 | Ossuary  | Reached skill level 1 in Armour
  2575 | Ossuary  | Reached **** piety under Trog
  2693 | D:4      | Identified the +4 quarterstaff of Kunupt {holy, rC++ rN++
                  | MP-9}
  3120 | D:4      | Found a radiant altar of Vehumet.
  4145 | D:5      | Entered Level 5 of the Dungeon
  4148 | D:5      | Reached XP level 8. HP: 79/79 MP: 7/7
  4271 | D:5      | Found Rudin's Book Emporium.
  4788 | D:5      | Found an ornate altar of the Wu Jian Council.
  4961 | D:6      | Reached skill level 5 in Fighting
  4961 | D:6      | Reached skill level 6 in Unarmed Combat
  4971 | D:6      | Reached skill level 5 in Dodging
  5034 | D:6      | Found a blossoming altar of Fedhas.
  5036 | D:6      | Found a hazy altar of Hepliaklqana.
  5036 | D:6      | Found a hide-covered altar of Uskayaw.
  5036 | D:6      | Found a burning altar of Makhleb.
  5037 | D:6      | Found a sparkling altar of Nemelex Xobeh.
  5037 | D:6      | Found a shadowy altar of Dithmenos.
  5037 | D:6      | Found an iron altar of Okawaru.
  5247 | D:6      | Reached XP level 9. HP: 87/88 MP: 8/8
  5250 | D:6      | Noticed Eustachio
  5296 | D:6      | Killed Eustachio
  5744 | D:6      | Found a staircase to the Ecumenical Temple.
  5970 | D:7      | Reached skill level 5 in Armour
  5970 | D:7      | Reached XP level 10. HP: 102/102 MP: 9/9
  6180 | D:7      | Reached skill level 7 in Unarmed Combat
  6575 | D:7      | Identified the ring "Ehinappe" {rPois rF- AC+4 Dex+5}
  6821 | D:7      | Found a bloodstained altar of Trog.
  6821 | D:7      | Found a snail-covered altar of Cheibriados.
  7589 | D:8      | Noticed a two-headed ogre
  7595 | D:8      | Killed a two-headed ogre
  7596 | D:8      | Reached XP level 11. HP: 83/111 MP: 10/10
  7889 | D:8      | Found a staircase to the Lair.
  8669 | D:9      | Noticed a sun demon
  8671 | D:9      | Noticed a sixfirhy
  8700 | D:9      | Found an opulent altar of Gozag.
  8921 | D:10     | Entered Level 10 of the Dungeon
  8984 | D:10     | Noticed Sonja
  9005 | D:10     | Killed Sonja
  9088 | D:10     | Found a staircase to the Orcish Mines.
  9219 | D:10     | Noticed Maggie
  9225 | D:10     | Killed Maggie
  9457 | D:10     | Reached skill level 8 in Unarmed Combat
  9728 | Lair:1   | Entered Level 1 of the Lair of Beasts
  9740 | Lair:1   | Noticed a catoblepas
  9760 | D:8      | Reached ***** piety under Trog
  9814 | Lair:1   | Killed a catoblepas
 10998 | Lair:2   | Reached XP level 12. HP: 99/122 MP: 11/11
 11397 | Lair:2   | Received a gift from Trog
 11639 | Lair:2   | Reached skill level 9 in Unarmed Combat
 12333 | Lair:3   | Noticed a catoblepas
 12342 | Lair:3   | Killed a catoblepas
 12474 | Lair:3   | Found a staircase to the Shoals.
 12591 | Lair:3   | Noticed Itocwophi's ghost (journeyman HuFi)
 12660 | Lair:3   | Found a runed translucent gate.
 12660 | Lair:3   | Found a runed translucent gate.
 12660 | Lair:3   | Found a runed translucent gate.
 12676 | Lair:3   | Found a hole to the Spider Nest.
 12930 | Lair:3   | Found a runed translucent door.
 13024 | Lair:3   | Killed Itocwophi's ghost
 13036 | Lair:3   | Identified the +3 whip "Feusyim" {chaos, Str+2}
 13171 | Lair:3   | Reached XP level 13. HP: 113/131 MP: 12/12
 13232 | Lair:3   | Noticed an entropy weaver
 13242 | Lair:3   | Killed an entropy weaver
 13285 | Lair:3   | Noticed an entropy weaver
 13300 | Lair:3   | Killed an entropy weaver
 13371 | Lair:3   | Reached skill level 10 in Unarmed Combat
 13371 | Lair:3   | Noticed an entropy weaver
 13391 | Lair:3   | Killed an entropy weaver
 13395 | Lair:3   | HP: 2/187 [spectral cane toad[a ghost crab] (9)]
 13396 | Lair:3   | Engulfed by a ghost crab's spectral mist

Illustrated notes

Levels and vault maps discovered:
D:1:      matt_arrival_debris, layout_basic, hellmonk_ecumenical_altar_zigzags,
          minmay_lizard_pond
D:2:      layout_rooms, basic_altar, dk_noncrumbling_3, uniq_jessica,
          uniq_sigmund, uniq_crazy_yiuf_cottage, uniq_natasha
D:3:      layout_basic
D:4:      nicolae_cairo_tiling_very_big, layout_cave_pods,
          mainiacjoe_overflow_24_doors, lightli_ossuary_entry_decrepit_ruins,
          hangedman_decor_opposing, grunt_ministairs_13, minmay_mini_ossuary
D:5:      layout_gridville, mainiacjoe_overflow_tiny_flanked, serial_shops,
          nicolae_stop_n_shop_2
D:6:      layout_basic, grunt_temple_overflow_open,
          minmay_temple_entry_from_below_b, uniq_eustachio
D:7:      layout_basic, nicolae_overflow_two_pavilions, nrook_mini_vaults,
          grunt_livestock
D:8:      layout_basic, lair_entry_dummy
D:9:      layout_roguey, grunt_gozag_breadcrumbs, mrwooster_statue_mirror,
          serial_bayou_crossing
D:10:     layout_long_grid, orc_0_dummy, uniq_maggie, uniq_sonja
Lair:1:   layout_layer_cave, grunt_megastairs_5
Lair:2:   layout_cave_pods, lemuel_fruit_fields, lemuel_fruit_tree
Lair:3:   gammafunk_mikee_crab_dinner, layout_gridlike,
          elwin_shoals_entry_rooms, spider_nest_entry_web_field,
          gammafunk_ghost_split

Skill      XL: |  1  2  3  4  5  6  7  8  9 10 11 12 13 |
---------------+----------------------------------------+-----
Dodging        | 3 4 5 7 8 9 |  9.7
Fighting       | 3 4 5 7 8 9 |  9.7
Unarmed Combat | 4 5 6 7 8 9 10 | 10.0
Throwing       | 2 3 6 7 8 9 |  9.5
Armour         | 2 3 5 6 7 8 |  8.6

Action                   |  1- 3 |  4- 6 |  7- 9 | 10-12 | 13-15 || total
-------------------------+-------+-------+-------+-------+-------++-------
Melee: Unarmed           |    90 |   139 |   265 |   716 |    46 ||  1256
       Punch             |     1 |     3 |    12 |    31 |     4 ||    51
Invok: Berserk           |     1 |     1 |     3 |    12 |     3 ||    20
       Trog's Hand       |       |       |     1 |     7 |     2 ||    10
Evoke: Wand              |       |       |     1 |       |       ||     1
  Use: Scroll            |       |     9 |     9 |     6 |       ||    24
       Potion            |       |       |     2 |       |       ||     2
 Stab: Sleeping          |       |       |     1 |       |       ||     1
Armor: Animal skin       |    23 |    47 |   117 |    25 |       ||   212
       Steam dragon scal |       |       |       |   269 |    39 ||   308
Dodge: Dodged            |    43 |    74 |   178 |   440 |    34 ||   769
